 Dungeon Crawl Stone Soup version 0.31-a0-152-g6aa68a64a1 (webtiles) character file.

Game seed: 10226282084640961982

46 qw the Shooter (level 3, -3/32 HPs)
             Began as a Naga Hunter on June 10, 2023.
             Slain by Terence
             ... wielding a +4 heavy flail
              (11 damage)
             ... on level 2 of the Dungeon.
             The game lasted 00:00:22 (954 turns).

qw the Shooter (Naga Hunter)                         Turns: 954, Time: 00:00:23

Health: -3/32      AC:  5    Str: 13    XL:     3   Next: 66%
Magic:  3/3        EV:  9    Int:  9    God:
Gold:   21         SH:  0    Dex: 16    Spells: 2/2 levels left

rFire   . . .        Y - +0 shortbow
rCold   . . .        (shield currently unavailable)
rNeg    . . .        c - +0 leather armour
rPois   +            d - +2 helmet
rElec   .            (no cloak)
rCorr   .            (no gloves)
SInv    +            (no barding)
Will    .....        (no amulet)
Stlth   ++           (no ring)
HPRegen 0.25/turn    (no ring)
MPRegen 0.08/turn

%: no passive effects
@: short of breath, very slow
A: AC +1, large, see invisible, deformed body, poison resistance, slowness 2,
spit poison 1, naga tail 1
a: Spit Poison


You were on level 2 of the Dungeon.
You visited 1 branch of the dungeon, and saw 2 of its levels.

You collected 21 gold pieces.


Innate Abilities, Weirdness & Mutations

Your serpentine skin is tough. (AC +1)
You have supernaturally acute eyesight. (SInv)
Armour fits poorly on your strangely shaped body.
Your system is resistant to poisons. (rPois)
You cover ground very slowly.
You can spit poison.
You have a snake-like lower body.


   Skills:
 - Level 2.0 Fighting
 + Level 4.8 Ranged Weapons
 - Level 1.5 Dodging
 - Level 1.5 Stealth


You had 2 spell levels left.
You didn't know any spells.
Your spell library was empty.

Inventory:

Hand Weapons
 Y - a +0 shortbow (weapon)
Armour
 c - a +0 leather armour (worn)
 d - a +2 helmet (worn)
Scrolls
 e - a scroll of fear {unknown}
Potions
 a - a potion of mutation {unknown}
 b - a potion of enlightenment {unknown}
 f - a potion of attraction {unknown}
 i - a potion of lignification {unknown}

Dungeon Overview and Level Annotations

Branches:
Dungeon (2/15)

Altars:

Annotations:
D:2 Terence


Message History

Enter note:
Enter note:
Enter note: You shoot an arrow.
The arrow completely misses the goblin.
The goblin shouts!
You hear a shout!
The goblin unwields a +2 dagger of venom.
It stops dripping with poison.
The goblin wields a +0 sling.
The goblin shoots a sling bullet.
The sling bullet hits you but does no damage.
Terence the Incautious comes into view.
He is wielding a +4 heavy flail.
You shoot an arrow.
Terence shouts!
The arrow hits Terence but does no damage.
949 ||| INVOKING Spit Poison.
Aiming: Spit Poison (2% risk of failure)
Press: ? - help, Shift-Dir - straight line, f/p - Terence The splash of poison hits Terence.
Terence is poisoned.
Terence is moderately wounded.
The goblin shoots a sling bullet.
The sling bullet hits you.
You shoot an arrow. The arrow hits Terence.
Terence is heavily wounded.
The goblin shoots a sling bullet.
The sling bullet hits you but does no damage.
You shoot an arrow. The arrow barely misses Terence.
You have got your breath back.
The goblin shoots a sling bullet.
The sling bullet hits you.
952 ||| INVOKING Spit Poison.
Aiming: Spit Poison (2% risk of failure)
Press: ? - help, Shift-Dir - straight line, f/p - Terence The splash of poison misses Terence.
You shoot an arrow. The arrow hits Terence.
Terence is almost dead.
Terence hits you with a +4 heavy flail!
The goblin shoots a sling bullet.
The sling bullet hits you.
You shoot an arrow.
The arrow hits Terence but does no damage.
Terence is almost dead.
The goblin shoots a sling bullet.
The sling bullet hits you. Terence hits you with a +4 heavy flail!
You die...

#......
......................
..................... .#
#.......##...........
...#.......##....)......
...........##...........
............#.....##....
...g#.......##....##....
......=@...(....%.......
....#.@....###...###....
...........#G#...#G#.##.
.%.....###.###...###....
....#..###.............#
....#.........._.......#
### #..##..............#
#.. ##.###...###..##
#.#G#...#G#.##


You could see Terence (poisoned) and a goblin.

Vanquished Creatures
  An adder (D:2)
  A worm (D:2)
  A dart slug (D:2)
  4 ball pythons
  3 bats
  An endoplasm (D:1)
  2 giant cockroaches (D:1)
  A goblin (D:1)
  2 hobgoblins (D:1)
  2 jackals (D:1)
  3 quokkas
  A frilled lizard (D:2)
  4 kobolds (D:1)
  3 rats
29 creatures vanquished.

Notes
Turn   | Place    | Note
-------+----------+-------------------------------------------
     0 | D:1      | qw the Naga Hunter began the quest for the Orb.
     0 | D:1      | Reached XP level 1. HP: 19/19 MP: 1/1
     0 | D:1      | 0 ||| qw: Version: 0.2-a-29-g767f381
     0 | D:1      | 0 ||| qw: Game counter: 3914
     0 | D:1      | 0 ||| qw: Always use a shield: true
     0 | D:1      | 0 ||| qw: God list: Okawaru
     0 | D:1      | 0 ||| qw: Allow faded altars: false
     0 | D:1      | 0 ||| qw: Do Orc after D:15 true
     0 | D:1      | 0 ||| qw: Do second Lair branch before Depths: true
     0 | D:1      | 0 ||| qw: Lair rune preference: random
     0 | D:1      | 0 ||| qw: Plans: Normal
     0 | D:1      | 0 ||| PLANNING D:1-11
    15 | D:1      | 15 ||| INVOKING Spit Poison.
    39 | D:1      | 39 ||| INVOKING Spit Poison.
    65 | D:1      | 65 ||| INVOKING Spit Poison.
    71 | D:1      | 71 ||| INVOKING Spit Poison.
    72 | D:1      | Reached skill level 4 in Ranged Weapons
    72 | D:1      | Reached XP level 2. HP: 12/26 MP: 2/2
   137 | D:1      | 137 ||| INVOKING Spit Poison.
   141 | D:1      | 141 ||| INVOKING Spit Poison.
   144 | D:1      | 144 ||| INVOKING Spit Poison.
   148 | D:1      | 148 ||| INVOKING Spit Poison.
   152 | D:1      | 152 ||| INVOKING Spit Poison.
   268 | D:1      | 268 ||| INVOKING Spit Poison.
   297 | D:1      | 297 ||| INVOKING Spit Poison.
   347 | D:1      | 347 ||| INVOKING Spit Poison.
   380 | D:1      | 380 ||| INVOKING Spit Poison.
   387 | D:1      | 387 ||| INVOKING Spit Poison.
   392 | D:1      | 392 ||| INVOKING Spit Poison.
   395 | D:1      | Reached XP level 3. HP: 28/32 MP: 3/3
   620 | D:1      | 620 ||| UPGRADING to +2 helmet.
   625 | D:1      | 625 ||| READING 2 scrolls labelled FARITHY CACS.
   626 | D:1      | 626 ||| READING scroll labelled XECHOA URARPH.
   627 | D:1      | 627 ||| READING scroll labelled YNEIF XAOCWAPS.
   628 | D:1      | 628 ||| READING scroll labelled LAT LIUSMYJOHAMEC.
   629 | D:1      | 629 ||| DROPPING scroll of immolation.
   630 | D:1      | 630 ||| DROPPING scroll of butterflies.
   645 | D:2      | 645 ||| INVOKING Spit Poison.
   743 | D:2      | 743 ||| INVOKING Spit Poison.
   767 | D:2      | 767 ||| INVOKING Spit Poison.
   783 | D:2      | 783 ||| INVOKING Spit Poison.
   786 | D:2      | 786 ||| INVOKING Spit Poison.
   789 | D:2      | 789 ||| INVOKING Spit Poison.
   922 | D:2      | 922 ||| INVOKING Spit Poison.
   925 | D:2      | Noticed a great orb of eyes
   928 | D:2      | 928 ||| INVOKING Spit Poison.
   930 | D:2      | Found a faded altar of an unknown god.
   932 | D:2      | Noticed a great orb of eyes
   932 | D:2      | Noticed an eye of devastation
   932 | D:2      | Noticed a golden eye
   947 | D:2      | Noticed Terence
   949 | D:2      | 949 ||| INVOKING Spit Poison.
   952 | D:2      | 952 ||| INVOKING Spit Poison.
   954 | D:2      | HP: 8/32 [goblin/sling bullet (6)]
   954 | D:2      | Slain by Terence

Levels and vault maps discovered:
D:1:      lightli_arrival_statuegarden, layout_basic
D:2:      layout_basic, basic_altar, hellmonk_ecumenical_altar_watching_god,
          uniq_terence

Skill      XL: |  1 |
---------------+----+-----
Ranged Weapons | 4 |  4.8
Fighting       | |  2.0
Dodging        | |  1.5
Stealth        | |  1.5

Action                     || total
---------------------------++-------
   Fire: Shortbow          ||    52
Ability: Spit Poison       ||    25
    Use: Scroll            ||     4
 Armour: Leather armour    ||    10
  Dodge: Dodged            ||    15

Table legend:
 A = Non-vault XP
 B = Vault XP
 C = Vault XP percentage of total XP
 D = Non-vault monster count
 E = Vault monster count
 F = Vault count percentage of total count
                 A         B        C        D         E       F
            +---------+---------+-------+---------+---------+-------
      Total |      66 |       0 |   0.0 |      29 |       0 |   0.0
            +---------+---------+-------+---------+---------+-------
        D:1 |      35 |       0 |   0.0 |      20 |       0 |   0.0
        D:2 |      31 |       0 |   0.0 |       9 |       0 |   0.0
            +---------+---------+-------+---------+---------+-------
